 Dungeon Crawl Stone Soup version 0.17.1-3-g152610e (webtiles) character file.

79 ololoev the Covered (level 4, -2/35 HPs)
             Began as a Demonspawn Fighter on Feb 18, 2016.
             Killed by divine providence
             ... invoked by an orc priest
              (17 damage)
             ... on level 3 of the Dungeon.
             The game lasted 00:01:13 (202 turns).

ololoev the Covered (Demonspawn Fighter)             Turns: 202, Time: 00:01:14

Health: -2/35      AC:  6    Str: 23    XL:     4   Next: 16%
Magic:  4/4        EV:  7    Int:  9    God:
Gold:   45         SH:  9    Dex: 12    Spells: 0 memorised, 3 levels left

rFire  . . .     SeeInvis .     a - +0 war axe
rCold  . . .     Clarity  .     b - +0 scale mail
rNeg   . . .     SustAt   .     c - +0 shield
rPois  .         Gourm    .     (no helmet)
rElec  .         Spirit   .     (no cloak)
rCorr  .         Warding  .     (no gloves)
rMut   .         Stasis   .     (no boots)
MR     .....                    (no amulet)
Stlth  ..........               (no ring)
                                (no ring)

@: mighty, not resistant to hostile enchantments, extremely unstealthy
A: rot immunity
a: no special abilities


Innate Abilities, Weirdness & Mutations

You are immune to rotting.

Inventory:

Hand Weapons
 a - a +0 war axe (weapon)
Missiles
 h - 18 poisoned needles
Armour
 b - a +0 scale mail (worn)
 c - a +0 shield (worn)
Scrolls
 f - a scroll of teleportation {unknown}
 i - a scroll of noise {unknown}
Comestibles
 e - a bread ration


   Skills:
 - Level 3.0 Fighting
 * Level 3.3 Axes
 + Level 3.5 Armour
 - Level 2.6 Shields


You had 3 spell levels left.
You didn't know any spells.


You were on level 3 of the Dungeon.
You were not hungry.

You visited 1 branch of the dungeon, and saw 3 of its levels.

You collected 45 gold pieces.

#........#
#........#
#........#
#...<.ยง..
#.o..oo.
##....o.
#.....)# #.
#@# # ._
####.####.#
#. ..
...)...##.#
#.# #.
#.#....# #..
#..###.
#...._.###.P.
......
#........#...
....
##.....####.#
#.. #..####
#.# ##..
#.##### ##.##
#####...

Notes
Turn   | Place    | Note
--------------------------------------------------------------
     0 | D:1      | ololoev the Demonspawn Fighter began the quest for the Orb.
     0 | D:1      | Reached XP level 1. HP: 18/18 MP: 1/1
   114 | D:1      | Gained mutation: You are immune to rotting. [demonic ancestry]
   114 | D:1      | Reached XP level 2. HP: 24/24 MP: 2/2
   143 | D:3      | Found a bloodstained altar of Trog.
   147 | D:3      | Found a white marble altar of Elyvilon.
   158 | D:3      | Noticed a giant frog
   167 | D:3      | Killed a giant frog
   167 | D:3      | Reached XP level 3. HP: 10/29 MP: 3/3
   167 | D:3      | Reached XP level 4. HP: 12/35 MP: 4/4
   176 | D:3      | Found an opulent altar of Gozag.
   202 | D:3      | Killed from afar by an orc priest

Dungeon Overview and Level Annotations

Branches:
Dungeon (3/15)

Altars:
Elyvilon
Gozag
Trog


Message History

Your shield and scale mail prevent you from hitting the giant frog.
The giant frog is heavily wounded.
You slash the bat!
You kill the bat!
The giant frog barely misses you. You block the giant frog's attack.
You slash the giant frog!
You kill the giant frog!
Your Axes skill increases to level 3!
You have reached level 3!
Your experience leads to an increase in your attributes!
Your base attributes are Str 16, Int 9, Dex 12.
Increase (S)trength, (I)ntelligence, or (D)exterity?
You feel stronger.
You have reached level 4!
You feel stronger.
You see here a giant frog corpse.
Found 12 gold pieces and a club.
Found an opulent altar of Gozag.
Found 2 gold pieces.
You now have 33 gold pieces (gained 2).
You now have 35 gold pieces (gained 2).
You now have 36 gold pieces (gained 1).
Found a stone staircase leading up.
You now have 38 gold pieces (gained 2).
You now have 40 gold pieces (gained 2).
You now have 42 gold pieces (gained 2).
You now have 43 gold pieces (gained 1).
You now have 45 gold pieces (gained 2).
There is an opulent altar of Gozag here.
An orc comes into view. It is wielding a club.
The orc shouts!
An orc and an orc priest come into view.
An orc and an orc wizard come into view.
The orc shouts!
The orc priest shouts!
The orc wizard shouts!
The orc shouts!
The orc hits you with a club.
You slice the orc!!
You kill the orc!
The orc wizard casts a spell.
The orc wizard blinks!
The orc priest calls down the wrath of Beogh upon you.
Something smites you!
You die...

You could see an orc priest, an orc wizard and 2 orcs.

Vanquished Creatures
  A giant frog (D:3)
  A giant gecko (D:1)
  An orc (D:3)
  2 giant cockroaches (D:1)
  3 goblins
  A hobgoblin (D:1)
  2 jackals (D:2)
  3 bats
  2 kobolds
16 creatures vanquished.

Action                   |  1- 3 |  4- 6 || total
-------------------------+-------+-------++-------
Melee: War axe           |    46 |     1 ||    47
  Use: Potion            |     2 |       ||     2

Vault maps used:
D:1:      dpeg_arrival_houses_and_road
D:3:      minmay_overflow_temple_star_quad, elyvilon_altar_1,
          nicolae_gozag_seed_capital, first_bread, trog_three_pillars_becter,
          uniq_sigmund
